 Dungeon Crawl Stone Soup version 0.28-a0-622-gbaef9634d7 (webtiles) character file.

Game seed: 16398069436535113715

20 sleeves the Skirmisher (level 2, 24/24 HPs)
             Began as a Demonspawn Fighter on Oct 7, 2021.
             Quit the game on level 1 of the Dungeon.
             The game lasted 00:00:31 (506 turns).

sleeves the Skirmisher (Demonspawn Fighter)          Turns: 506, Time: 00:00:31

Health: 24/24      AC:  6    Str: 16    XL:     2   Next: 58%
Magic:  2/2        EV:  9    Int:  9    God:
Gold:   0          SH:  4    Dex: 12    Spells: 1/1 levels left

rFire   . . .      SeeInvis .   e - +2 dagger (flame)
rCold   . . .      Faith    .   c - +0 buckler
rNeg    . . .      Spirit   .   b - +0 scale mail
rPois   .          Reflect  .   (no helmet)
rElec   .          Harm     .   (no cloak)
rCorr   .          Rampage  .   (no gloves)
Will    .....                   (no boots)
Stlth   ..........              (no amulet)
HPRegen 0.08/turn               (no ring)
MPRegen 0.08/turn               (no ring)

@: no status effects
A: claws 1
a: no special abilities


You were on level 1 of the Dungeon.
You visited 1 branch of the dungeon, and saw 1 of its levels.

Inventory:

Hand Weapons
 a - a +0 long sword
 e - a +2 dagger of flaming (weapon)
   (You took it off a goblin on level 1 of the Dungeon)
Armour
 b - a +0 scale mail (worn)
 c - a +0 buckler (worn)
Scrolls
 g - a scroll of amnesia {unknown}
 h - a scroll of teleportation {unknown}
Potions
 d - a potion of might
 f - a potion of brilliance {unknown}


   Skills:
 - Level 3.0 Fighting
 + Level 2.9 Long Blades
 - Level 2.6 Armour
 - Level 2.6 Shields


You had one spell level left.
You didn't know any spells.
Your spell library was empty.

Dungeon Overview and Level Annotations

Branches:
Dungeon (1/15)

Altars:

Shops:
D:1 ?


Innate Abilities, Weirdness & Mutations

You have sharp fingernails.


Message History

Welcome, sleeves the Demonspawn Fighter.
Will you prevail where others failed? Will you find the Orb of Zot?
Press ? for a list of commands and other information.
Found two stairs.
Nothing quivered!
Nothing quivered!
Nothing quivered!
Found a hand axe.
You see here a +0 hand axe.
A goblin comes into view. It is wielding a +2 dagger of flaming.
A goblin is nearby!
You barely miss the goblin.
The goblin hits you with a +2 dagger of flaming.
The goblin burns you. The goblin hits you but does no damage.
You slash the goblin!
You kill the goblin!
No target in view!
No target in view!
No target in view!
No target in view!
No target in view!
No target in view!
No target in view!
HP restored.
Things that are here:
a +2 dagger of flaming; a goblin corpse A frilled lizard and a kobold come into view.
The kobold shouts!
The kobold hits you but does no damage.
You closely miss the kobold. The kobold hits you with a +0 dagger.
You block the kobold's attack.
You slash the kobold!
You kill the kobold!
Your Long Blades skill increases to level 2!
You slash the frilled lizard!
You kill the frilled lizard!
No target in view!
No target in view!
No target in view!
No target in view!
No target in view!
No target in view!
No target in view!
No target in view!
No target in view!
No target in view!
No target in view!
No target in view!
No target in view!
Search for what [? for help]? dag
Things that are here:
a +0 dagger; 2 stones
Okay, then.
(D) Dungeon
Where to? (Enter - D:1 @ (x,y), ? - help) You're already here!
Search for what [Enter for "dag", or ? for help]?
Things that are here:
a +2 dagger of flaming; a goblin corpse
e - a +2 dagger of flaming Your +2 dagger of flaming bursts into flame!
e - a +2 dagger of flaming (weapon)
You open the door.
An endoplasm comes into view.
The endoplasm quivers.
There is an open door here.
An endoplasm is nearby!
An endoplasm is nearby!
The endoplasm hits you.
You hit the endoplasm. You burn the endoplasm.
The endoplasm is moderately wounded.
The endoplasm barely misses you.
You hit the endoplasm. You burn the endoplasm.
The endoplasm is severely wounded.
The endoplasm hits you but does no damage.
You hit the endoplasm. You burn the endoplasm.
You kill the endoplasm!
No target in view!
No target in view!
No target in view!
No target in view!
No target in view!
No target in view!
No target in view!
f - a sapphire potion You open the door.
There is an open door here.
A goblin comes into view. It is wielding a +0 club.
A goblin is nearby!
The goblin hits you but does no damage.
You completely miss the goblin. The goblin hits you but does no damage.
You hit the goblin. You burn the goblin.
You kill the goblin!
No target in view!
No target in view!
No target in view!
No target in view!
No target in view!
No target in view!
No target in view!
You see here a +0 club.
A bat comes into view.
The bat moves out of view.
A bat is nearby!
A bat is nearby!
You closely miss the bat. You block the bat's attack.
The bat hits you but does no damage.
An endoplasm comes into view.
The endoplasm quivers.
You block the bat's attack. The bat barely misses you.
You hit the bat. You burn the bat.
You kill the bat!
No target in view!
No target in view!
No target in view!
No target in view!
No target in view!
You see here a bat corpse.
An endoplasm is nearby!
You hit the endoplasm. You burn the endoplasm.
The endoplasm is moderately wounded.
The endoplasm freezes you.
You are frozen.
You hit the endoplasm. You burn the endoplasm.
You kill the endoplasm!
You have reached level 2!
Your demonic ancestry asserts itself...
Your fingernails lengthen.
A ball python comes into view.
The ball python hisses angrily.
A ball python is nearby!
You block the ball python's attack. The ball python barely misses you.
You hit the ball python. You burn the ball python.
The ball python is severely wounded.
You block the ball python's attack. The ball python misses you. x2
The ball python completely misses you.
You closely miss the ball python.
The ball python is severely wounded.
The ball python bites you. The ball python grabs you.
The ball python constricts you.
You closely miss the ball python.
The ball python is severely wounded.
You block the ball python's attack. The ball python constricts you.
You hit the ball python. You burn the ball python.
You kill the ball python!
No target in view!
No target in view!
No target in view!
No target in view!
No target in view!
You open the door.
There is an open door here.
There is an open door here.
A rat comes into view.
A rat is nearby!
A goblin comes into view. It is wielding a +0 dagger.
The goblin shouts!
The rat closely misses you.
You hit the rat. You burn the rat.
You kill the rat!
You hit the goblin. You burn the goblin.
The goblin is heavily wounded.
You closely miss the goblin.
The goblin is heavily wounded.
The goblin hits you but does no damage.
You miss the goblin.
The goblin is heavily wounded.
The goblin hits you with a +0 dagger.
You hit the goblin. You burn the goblin.
You kill the goblin!
No target in view!
No target in view!
Things that are here:
a +0 dagger; a goblin corpse A goblin comes into view.
It is wielding a +0 dagger.
The goblin shouts!
The goblin barely misses you.
You hit the goblin. You burn the goblin.
You kill the goblin!
No target in view!
No target in view!
No target in view!
No target in view!
No target in view!
No target in view!
No target in view!
No target in view!
No target in view!
No target in view!
Things that are here:
a +0 dagger; a goblin corpse A goblin comes into view.
It is wielding a +0 dagger.
The goblin shouts!
A goblin is nearby!
An endoplasm comes into view.
You hit the goblin. You burn the goblin.
You kill the goblin!
Things that are here:
a +0 dagger; a goblin corpse The endoplasm closely misses you.
You hit the endoplasm. You burn the endoplasm.
You kill the endoplasm!
No target in view!
No target in view!
No target in view!
No target in view!
No target in view!
You open the door.
There is an open door here.
You open the door.
There is an open door here.
A hobgoblin comes into view.
The hobgoblin shouts!
A hobgoblin is nearby!
You block the hobgoblin's attack.
You closely miss the hobgoblin. The hobgoblin barely misses you.
You hit the hobgoblin. You burn the hobgoblin.
You kill the hobgoblin!
No target in view!
No target in view!
No target in view!
No target in view!
No target in view!
No target in view!
You see here a hobgoblin corpse.
Found a hunting sling.
You see here a +0 hunting sling.
g - a scroll labelled QIMONL QEZIQ No target in view!
No target in view!
No target in view!
No target in view!
No target in view!
No target in view!
No target in view!
No target in view!
No target in view!
No target in view!
No target in view!
No target in view!
h - a scroll labelled QUMUOT VYOTU A dart slug comes into view.
Found Ifakhluz's Magic Scroll Emporium.
A dart slug is nearby!
You hit the dart slug. You burn the dart slug.
The dart slug is moderately wounded.
The dart slug barely misses you.
You hit the dart slug. You burn the dart slug.
The dart slug is heavily wounded.
The dart slug launches a dart at you. The slug dart hits you.
You hit the dart slug. You burn the dart slug.
You kill the dart slug!
No target in view!
No target in view!
No target in view!
No target in view!
No target in view!
There is an entrance to Ifakhluz's Magic Scroll Emporium here.
Are you sure you want to abandon this character and quit the game? (Confirm with "yes".)

..#### .### ...# ...#
##.# #+# #.#######.#
##### ##.........#
##...# ...######..##
#.?..#
##.##.###...###.@..###.
#.#.#...........?...?.#
#..###.....############
.....#.###.## .####.##
#.# .###### #.# ...##
#.# .#..## #.# .....##
#.#


There were no monsters in sight!

Vanquished Creatures
  A dart slug (D:1)
  A ball python (D:1)
  3 endoplasms (D:1)
  5 goblins (D:1)
  A hobgoblin (D:1)
  A kobold (D:1)
  A bat (D:1)
  A frilled lizard (D:1)
  A rat (D:1)
15 creatures vanquished.

Notes
Turn   | Place    | Note
-------+----------+-------------------------------------------
     0 | D:1      | sleeves the Demonspawn Fighter began the quest for the Orb.
     0 | D:1      | Reached XP level 1. HP: 18/18 MP: 1/1
    85 | D:1      | Reached skill level 2 in Long Blades
   237 | D:1      | Gained mutation: You have sharp fingernails. [demonic
                  | ancestry]
   237 | D:1      | Reached XP level 2. HP: 23/24 MP: 2/2
   469 | D:1      | Found Ifakhluz's Magic Scroll Emporium.
   506 | D:1      | Quit the game

Illustrated notes

Levels and vault maps discovered:
D:1:      dpeg_arrival_pits, layout_loops_corners,
          chequers_ecumenical_altar_grove, serial_shops, shop_scrolls

Skill      XL: |  1 |
---------------+----+-----
Long Blades    | 2 |  2.9
Fighting       | |  3.0
Armour         | |  2.6
Shields        | |  2.6

Action                   || total
-------------------------++-------
Melee: Dagger            ||    26
       Long sword        ||     5
Armor: Scale mail        ||     7
Dodge: Dodged            ||    11
Block: Buckler           ||     7

Table legend: (Time is in decaauts)
 A = Elapsed time spent in this place.
 B = Non-inter-level travel time spent in this place.
 C = Inter-level travel time spent in this place.
 D = Time resting spent in this place.
 E = Time spent auto-exploring this place.
 F = Levels seen in this place.
 G = Mean time per level.
                   A        B        C        D        E       F      G
               +--------+--------+--------+--------+--------+-----+--------+
         Total |    506 |    489 |     17 |      0 |    409 |   1 |  506.0 |
       Dungeon |    506 |    489 |     17 |      0 |    409 |   1 |  506.0 |
               +--------+--------+--------+--------+--------+-----+--------+

Top non-repeatable levels by time:
     D:1: 506 daAuts
